 Dungeon Crawl Stone Soup version 0.28-a0-206-gc2c9e32840 (webtiles) character file.

Game seed: 2444873399463064131

403 bande the Shield-Bearer (level 6, -2/38 HPs)
             Began as a Gargoyle Fighter on Aug 20, 2021.
             Slain by a gnoll (4 damage)
             ... on level 4 of the Dungeon.
             The game lasted 00:06:15 (3979 turns).

bande the Shield-Bearer (Gargoyle Fighter)          Turns: 3979, Time: 00:06:15

Health: -2/38      AC: 16    Str: 21    XL:     6   Next: 86%
Magic:  6/6        EV:  6    Int:  8    God:
Gold:   186        SH:  8    Dex: 10    Spells: 5/5 levels left

rFire   . . .      SeeInvis .   a - +1 war axe
rCold   . . .      Faith    .   c - +0 kite shield
rNeg    + . .      Spirit   .   m - +0 chain mail
rPois   ∞          Reflect  .   k - +0 helmet
rElec   +          Harm     .   l - +0 cloak
rCorr   .          Rampage  .   (no gloves)
Will    .....                   (no boots)
Stlth   ..........              (no amulet)
HPRegen 0.12/turn               (no ring)
MPRegen 0.10/turn               (no ring)

@: no status effects
A: sickness immunity, AC +4, negative energy resistance 1, electricity
resistance, torment resistance 1, petrification resistance
a: no special abilities


You were on level 4 of the Dungeon.
You visited 1 branch of the dungeon, and saw 4 of its levels.

You collected 186 gold pieces.

Inventory:

Hand Weapons
 a - a +1 war axe (weapon)
 i - a +0 flail
Armour
 c - a +0 kite shield (worn)
 k - a +0 helmet (worn)
 l - a +0 cloak (worn)
 m - a +0 chain mail (worn)
Scrolls
 b - a scroll of amnesia
 e - 2 scrolls of fear
 g - 2 scrolls of identify
 j - a scroll of teleportation
Potions
 d - a potion of might
 f - a potion of invisibility
 h - 2 potions of curing


   Skills:
 + Level 4.1 Fighting
 + Level 4.3 Axes
 + Level 4.4 Armour
 + Level 1.5 Dodging
 + Level 4.7 Shields


You had 5 spell levels left.
You didn't know any spells.
Your spell library contained the following spells:

 Spells                   Type           Power      Damage    Failure   Level
 Slow                     Hex            0%         N/A       100%        2
 Confusing Touch          Hex            0%         N/A       100%        3
 Vampiric Draining        Necr           0%         2d6       100%        3


Dungeon Overview and Level Annotations

Branches:
Dungeon (4/15)
 Temple: D:4-7

Altars:
Trog
Uskayaw


Innate Abilities, Weirdness & Mutations

You are immune to sickness and miasma.
Your stone body is resilient. (AC +4)
You are immune to poison.
You resist negative energy. (rN+)
You are resistant to electric shocks. (rElec)
You are resistant to unholy torment.
You are immune to petrification.


Message History

The gnoll hits you but does no damage.
The gnoll hits you from afar with a +0 halberd.
The gnoll hits you but does no damage.
The bullfrog skeleton hits you but does no damage.
The gnoll hits you but does no damage.
The gnoll hits you from afar with a +0 halberd.
You hit the bullfrog skeleton but do no damage.
The bullfrog skeleton is almost destroyed.
The bullfrog skeleton hits you but does no damage.
The gnoll hits you but does no damage.
The gnoll hits you from afar with a +0 spear.
The bullfrog skeleton hits you but does no damage.
The gnoll hits you but does no damage. You block the gnoll's attack.
You hit the bullfrog skeleton but do no damage.
The bullfrog skeleton is almost destroyed.
The bullfrog skeleton hits you but does no damage.
The gnoll hits you but does no damage. The gnoll barely misses you. x2
The bullfrog skeleton hits you but does no damage.
The gnoll hits you from afar with a +0 spear.
The gnoll hits you but does no damage.
You hit the bullfrog skeleton.
The bullfrog skeleton is almost destroyed.
You block the bullfrog skeleton's attack.
You block the gnoll's attack.
The gnoll hits you from afar with a +0 spear.
The bullfrog skeleton hits you but does no damage.
The gnoll hits you from afar with a +0 halberd!
The gnoll hits you but does no damage.
You slash the bullfrog skeleton!
You destroy the bullfrog skeleton!
You block the gnoll's attack.
The gnoll hits you from afar with a +0 halberd.
You block the gnoll's attack. The gnoll hits you but does no damage.
The gnoll barely misses you.
The gnoll hits you from afar with a +0 spear!
* * * LOW HITPOINT WARNING * * *
The gnoll hits you from afar with a +0 spear.
* * * LOW HITPOINT WARNING * * *
The gnoll hits you from afar with a +0 halberd.
You die...

## #.# ##. #..##
#.#.### ##.....###
#.#.g....##
#.#...@..(# ###
##..........#
##.###
#.#..g.g....#
#....#
##.#........##
##....##
###..#........#
##......#
###.g#.........##
#.......#
###..g###........#
##.......#
###g..###
##......##
#........##
......# ##.....#
##....†....#


You could see 3 gnolls.

Vanquished Creatures
  A phantom (D:2)
  A gnoll shaman (D:3)
  A bullfrog skeleton (D:4)
  Terence (D:2)
  A hound skeleton (D:4)
  Robin (D:3)
  3 adders
  9 gnolls
  2 worms (D:2)
  9 orcs
  2 endoplasms (D:2)
  A giant cockroach (D:1)
  20 goblins
  6 hobgoblins
  3 jackals (D:2)
  5 quokkas
  7 ball pythons
  5 bats
  3 frilled lizards (D:1)
  5 kobolds
  6 rats
92 creatures vanquished.

Notes
Turn   | Place    | Note
-------+----------+-------------------------------------------
     0 | D:1      | bande the Gargoyle Fighter began the quest for the Orb.
     0 | D:1      | Reached XP level 1. HP: 14/14 MP: 1/1
   341 | D:1      | Reached XP level 2. HP: 16/19 MP: 2/2
   703 | D:1      | Reached skill level 1 in Dodging
   703 | D:1      | Reached XP level 3. HP: 20/23 MP: 3/3
  1693 | D:2      | Noticed a phantom
  1707 | D:2      | Killed a phantom
  1708 | D:2      | Reached XP level 4. HP: 24/29 MP: 4/4
  1708 | D:2      | Reached XP level 5. HP: 28/33 MP: 5/5
  2048 | D:2      | Noticed Terence
  2058 | D:2      | Killed Terence
  2651 | D:3      | Found a faded altar of an unknown god.
  2764 | D:3      | Reached XP level 6. HP: 22/38 MP: 6/6
  2926 | D:3      | Found a hide-covered altar of Uskayaw.
  3316 | D:3      | Noticed Robin
  3342 | D:3      | Killed Robin
  3557 | D:4      | Found a bloodstained altar of Trog.
  3979 | D:4      | Slain by a gnoll

Illustrated notes

Levels and vault maps discovered:
D:1:      dpeg_arrival_castle, layout_loops_corners, minmay_misc_feat_diagonals
D:2:      layout_loops_corners, minmay_misc_feat_doors, minmay_misc_feat_square,
          uniq_terence
D:3:      layout_basic, nicolae_uskayaw_dance_hall,
          hellmonk_ecumenical_altar_lost_god, guppyfry_early_orc_mine,
          uniq_robin
D:4:      cheibrodos_greedy_goblins, layout_cave_pods, trog_butcher_becter,
          minmay_misc_feat_plants

Skill      XL: |  1  2  3  4  5  6 |
---------------+-------------------+-----
Axes           | 2 3 4 |  4.3
Dodging        | 1 |  1.5
Shields        | 4 |  4.7
Armour         | 4 |  4.4
Fighting       | 4 |  4.1

Action                   |  1- 3 |  4- 6 || total
-------------------------+-------+-------++-------
Melee: War axe           |   100 |   207 ||   307
  Use: Scroll            |       |     7 ||     7
Armor: Scale mail        |    53 |    16 ||    69
       Chain mail        |       |   162 ||   162
Dodge: Dodged            |    34 |    75 ||   109
Block: Kite shield       |    43 |   131 ||   174

Table legend: (Time is in decaauts)
 A = Elapsed time spent in this place.
 B = Non-inter-level travel time spent in this place.
 C = Inter-level travel time spent in this place.
 D = Time resting spent in this place.
 E = Time spent auto-exploring this place.
 F = Levels seen in this place.
 G = Mean time per level.
                   A        B        C        D        E       F      G
               +--------+--------+--------+--------+--------+-----+--------+
         Total |   4159 |   4159 |      0 |    610 |   2651 |   4 | 1039.8 |
       Dungeon |   4159 |   4159 |      0 |    610 |   2651 |   4 | 1039.8 |
               +--------+--------+--------+--------+--------+-----+--------+

Top non-repeatable levels by time:
     D:3: 1328 daAuts
     D:2: 1319 daAuts
     D:1: 1255 daAuts
     D:4: 256 daAuts
